[Event "ICCopen2017"]
[Site "Internet Chess Club"]
[Date "2017.04.02"]
[Round "3"]
[White "youngjp"]
[Black "Bryant-L"]
[Result "0-1"]
[ICCResult "White resigns"]
[WhiteElo "1879"]
[BlackElo "1576"]
[Opening "French: King's Indian attack"]
[ECO "C00"]
[NIC "FR.02"]
[Time "19:28:20"]
[TimeControl "180+0"]

1. e4 e6 2. d3 d5 3. Qe2 Nf6 4. Nf3 c5 5. e5 Nfd7 6. g3 Nc6 7. Bg2 b5 8. O-O
c4 9. d4 b4 10. h4 Qb6 11. Be3 Ba6 12. c3 Rb8 13. Bd2 bxc3 14. Bxc3 Bb4 15.
Nbd2 Bxc3 16. bxc3 Qa5 17. Rfc1 Rb2 18. a3 Nb6 19. Qe3 Na4 20. Ng5 h6 21.
Nh3 O-O 22. g4 Qd8 23. Qg3 f5 24. g5 h5 25. Nf4 Qe8 26. Qf3 Rxd2 27. Nxh5
Rd3 28. Qe2 Nxc3 29. Rxc3 Rxc3 30. Rd1 Rxa3 31. Nf4 c3 32. g6 Bxe2
{White resigns}
0-1

[Event "ICCopen2017"]
[Site "Internet Chess Club"]
[Date "2017.04.02"]
[Round "3"]
[White "MichailovM"]
[Black "ALexiz"]
[Result "1-0"]
[ICCResult "Black resigns"]
[WhiteElo "2185"]
[BlackElo "1742"]
[Opening "Queen's pawn game"]
[ECO "D02"]
[NIC "QP.08"]
[Time "19:28:49"]
[TimeControl "180+0"]

1. d4 d5 2. Nf3 e6 3. Bg5 Nf6 4. e3 Be7 5. Bd3 h6 6. Bh4 b6 7. Nbd2 Bb7 8.
Ne5 Nbd7 9. Qe2 c5 10. c3 Nxe5 11. dxe5 Ne4 12. Nxe4 Bxh4 13. Nd6+ Ke7 14.
Nxb7 Qc7 15. Nd6 f6 16. Qg4 fxe5 17. Nb5 Qc6 18. Qxh4+ Kd7 19. c4 d4 20. Qe4
Qxe4 21. Bxe4 Rab8 22. Ke2 a6 23. Na3 Kd6 24. f4 exf4 25. exf4 Rbf8 26. g3
e5 27. f5 g6 28. Nc2 gxf5 29. Bd5 e4 30. Ne1 Ke5 31. Ng2 d3+ 32. Ke3 Rd8 33.
Nf4 Kf6 34. a4 a5 35. Ra3 Rhe8 36. Rb3 Rd6 37. Rf1 Re5 38. h4 Re7 39. g4 Ke5
40. g5 hxg5 41. hxg5 Rh7 42. g6 Rh4 43. g7 Rg4 44. g8=Q Rxg8 45. Bxg8 d2 46.
Nd5 Rh6 47. Kxd2 Rh2+ 48. Kc1 f4 49. Rxb6 Kd4 50. Nxf4 e3 51. Rd6+ Ke5 52.
Rd5+ Ke4 53. Bf7 Rf2 54. Bg6+ Kf3 55. Rxf2+ exf2 56. Bd3 Kxf4 57. Rxc5 Ke3
58. Bf1 Kd4 59. Rxa5 {Black resigns} 1-0

[Event "ICCopen2017"]
[Site "Internet Chess Club"]
[Date "2017.04.02"]
[Round "3"]
[White "Eloist"]
[Black "BlueGreen"]
[Result "0-1"]
[ICCResult "White forfeits on time"]
[WhiteElo "2157"]
[BlackElo "2723"]
[Opening "Giuoco Pianissimo"]
[ECO "C55"]
[NIC "IG.01"]
[Time "19:29:01"]
[TimeControl "180+0"]

1. e4 e5 2. Bc4 Nc6 3. Nf3 Nf6 4. d3 Bc5 5. c3 O-O 6. O-O a6 7. Bb3 d6 8.
Re1 h6 9. h3 Re8 10. Nbd2 Be6 11. Nf1 Qd7 12. d4 exd4 13. cxd4 Bxb3 14. axb3
Bb4 15. Bd2 Nxe4 16. d5 Nxd2 17. dxc6 Nxf3+ 18. Qxf3 Qxc6 19. Rxe8+ Rxe8 20.
Qxc6 bxc6 21. Rxa6 c5 22. Ne3 Rd8 23. Nd5 Kf8 24. Nxc7 d5 25. Ra1 Rd7 26.
Ra8+ Ke7 27. Re8+ Kf6 28. Na6 d4 29. Nxb4 cxb4 30. Re2 d3 31. Rd2 Ke5 32.
Kf1 Kd4 33. Ke1 Rc7 34. Kd1 Ra7 35. Ke1 g5 36. g4 Rc7 37. Kd1 Ke4 38. Ke1 f6
39. Kd1 Kd4 40. Ke1 Re7+ 41. Kd1 Re4 42. Kc1 Rf4 43. Kd1 Rf3 44. Ke1 Rxh3
45. Kf1 Rh4 46. Kg2 Rxg4+ {White forfeits on time} 0-1

[Event "ICCopen2017"]
[Site "Internet Chess Club"]
[Date "2017.04.02"]
[Round "3"]
[White "elifly6"]
[Black "maxhappy"]
[Result "1-0"]
[ICCResult "Black checkmated"]
[WhiteElo "1722"]
[BlackElo "1999"]
[Opening "Sicilian: Alapin's variation (2.c3)"]
[ECO "B22"]
[NIC "SI.47"]
[Time "19:29:20"]
[TimeControl "180+0"]

1. e4 c5 2. c3 Nf6 3. e5 Nd5 4. d4 cxd4 5. Nf3 e6 6. Bc4 Nb6 7. Bb3 dxc3 8.
O-O cxb2 9. Bxb2 d5 10. exd6 Qxd6 11. Qe2 Nc6 12. Ba3 Qf4 13. g3 Qf6 14.
Bxf8 Qxa1 15. Ba3 Qf6 16. Rd1 Bd7 17. Nbd2 Qd8 18. Ne4 Nc8 19. Qc4 N6e7 20.
Qd3 Nc6 21. Ba4 Qc7 22. Qc3 f6 23. Nxf6+ gxf6 24. Qxf6 Rg8 25. Ng5 Rxg5 26.
Qf8# {Black checkmated} 1-0

[Event "ICCopen2017"]
[Site "Internet Chess Club"]
[Date "2017.04.02"]
[Round "3"]
[White "Chamanx"]
[Black "egyptiantiger"]
[Result "0-1"]
[ICCResult "White checkmated"]
[WhiteElo "1354"]
[BlackElo "1677"]
[Opening "Sicilian: Labourdonnais-Löwenthal (Kalashnikov) variation"]
[ECO "B32"]
[NIC "SI.32"]
[Time "19:28:25"]
[TimeControl "180+0"]

1. e4 c5 2. Nf3 Nc6 3. d4 cxd4 4. Nxd4 e5 5. Nb5 d6 6. N1c3 a6 7. Na3 b5 8.
Nd5 Nge7 9. Be3 Nxd5 10. Qxd5 Bb7 11. Be2 Na5 12. Qd2 d5 13. O-O-O Bxa3 14.
bxa3 d4 15. Bg5 f6 16. Bh4 Bxe4 17. Qb4 Rc8 18. Bd3 Bxd3 19. Rxd3 Rc4 20.
Qb2 O-O 21. g4 Qa8 22. Rg1 Qe4 23. Kd2 Qf4+ 24. Ke2 Rfc8 25. Rd2 Rc3 26. Rg3
Nc4 27. Rdd3 Nxb2 28. Rxc3 Rxc3 29. Rxc3 dxc3 30. Bg3 Qe4+ 31. Kf1 Qxc2 32.
Kg2 Qe4+ 33. f3 Qe2+ 34. Bf2 Nd3 35. Kh3 Nxf2+ 36. Kg2 Nxg4+ 37. Kh3 Nf2+
38. Kg2 Nd3+ 39. Kh3 Qxf3+ 40. Kh4 Nf4 41. a4 g5# {White checkmated} 0-1

[Event "ICCopen2017"]
[Site "Internet Chess Club"]
[Date "2017.04.02"]
[Round "3"]
[White "Quinten1994"]
[Black "DGint"]
[Result "1-0"]
[ICCResult "Black forfeits on time"]
[WhiteElo "2274"]
[BlackElo "1750"]
[Opening "Scandinavian defense"]
[ECO "B01"]
[NIC "SD.03"]
[Time "19:29:01"]
[TimeControl "180+0"]

1. e4 d5 2. exd5 Nf6 3. Nc3 Nxd5 4. Bc4 Nxc3 5. bxc3 Nc6 6. Nf3 g6 7. d4 Bg7
8. O-O O-O 9. Qe2 Bg4 10. h3 Bxf3 11. Qxf3 e5 12. Ba3 exd4 13. Bxf8 Qxf8 14.
Bd5 Ne5 15. Qe2 c6 16. cxd4 Nd7 17. Bb3 Bxd4 18. Rad1 Qc5 19. Qg4 Ne5 20.
Qxd4 Nf3+ 21. gxf3 Qg5+ 22. Kh1 Qh5 23. Qg4 Qh6 24. Bxf7+ Kxf7 25. Rd7+ Kg8
26. Qe6+ {Black forfeits on time} 1-0

[Event "ICCopen2017"]
[Site "Internet Chess Club"]
[Date "2017.04.02"]
[Round "3"]
[White "Nathan-L"]
[Black "makingnosense"]
[Result "0-1"]
[ICCResult "White resigns"]
[WhiteElo "1728"]
[BlackElo "2117"]
[Opening "Queen's pawn: London system"]
[ECO "A45"]
[NIC "QP.07"]
[Time "19:29:20"]
[TimeControl "180+0"]

1. d4 Nf6 2. Bf4 e6 3. e3 c5 4. Nf3 b6 5. Be2 Bb7 6. h3 Be7 7. O-O O-O 8.
Nbd2 cxd4 9. exd4 d6 10. c3 Nbd7 11. Qc2 a6 12. Rfe1 b5 13. Bd3 Re8 14. b3
Nf8 15. c4 Ng6 16. Bh2 Rc8 17. Qb2 Qb6 18. Rac1 Bf8 19. cxb5 axb5 20. Ne4
Nxe4 21. Bxe4 Bxe4 22. Rxe4 Ne7 23. Re2 Nd5 24. Rec2 Qb7 25. Rxc8 Rxc8 26.
Nd2 g6 27. Ne4 Rxc1+ 28. Qxc1 Qb6 29. Qd2 Be7 30. Nc3 Qa5 31. Ne4 Qxd2 32.
Nxd2 Nc3 33. a4 bxa4 34. bxa4 Nxa4 35. Nc4 d5 36. Na5 Nc3 37. Be5 f6 38. Bc7
Ne2+ 39. Kf1 Nxd4 40. Bb6 Nf5 41. Nc6 Kf7 42. g4 Nd6 43. Nxe7 Kxe7 44. Bc5
Kd7 45. Ke2 Ne4 46. f3 Nxc5 {White resigns} 0-1

[Event "ICCopen2017"]
[Site "Internet Chess Club"]
[Date "2017.04.02"]
[Round "3"]
[White "MyLien"]
[Black "BoldPlan"]
[Result "1-0"]
[ICCResult "Black resigns"]
[WhiteElo "1566"]
[BlackElo "1882"]
[Opening "Alekhine's defense: exchange variation"]
[ECO "B03"]
[NIC "AL.08"]
[Time "19:28:56"]
[TimeControl "180+0"]

1. e4 Nf6 2. e5 Nd5 3. d4 d6 4. c4 Nb6 5. exd6 exd6 6. Nc3 Be7 7. c5 O-O 8.
cxb6 axb6 9. Nf3 Nc6 10. Be2 Bf5 11. O-O Nb4 12. Ne1 Bf6 13. a3 Nc6 14. f4
Nxd4 15. Bc4 c6 16. Be3 Ne6 17. Kh1 d5 18. Bd3 Bxd3 19. Qxd3 d4 20. Ne4 dxe3
21. Qxe3 Bxb2 22. Rd1 Qxd1 23. f5 Bc1 24. Qf3 Nd4 25. Qxd1 Bxa3 26. Qxd4 b5
27. f6 g6 28. Qe3 Rfe8 29. Qh6 Bf8 30. Qh4 Ra4 31. Rf4 Ra1 32. h3 Bb4 33.
Ng5 h5 34. Re4 Rxe1+ 35. Qxe1 {Black resigns} 1-0

[Event "ICCopen2017"]
[Site "Internet Chess Club"]
[Date "2017.04.02"]
[Round "3"]
[White "fernandomata"]
[Black "Siryk"]
[Result "0-1"]
[ICCResult "White resigns"]
[WhiteElo "1822"]
[BlackElo "2785"]
[Opening "Sicilian: Smith-Morra gambit"]
[ECO "B21"]
[NIC "SI.48"]
[Time "19:29:19"]
[TimeControl "180+0"]

1. e4 c5 2. d4 cxd4 3. c3 dxc3 4. Nxc3 d6 5. Nf3 Nc6 6. Bc4 e6 7. O-O Nf6 8.
Qe2 Be7 9. Rd1 O-O 10. Bg5 h6 11. Bh4 Nh5 12. Bxe7 Qxe7 13. Qe3 a6 14. a4
Nf6 15. a5 Rd8 16. Bf1 Bd7 17. Na4 Be8 18. Nb6 Rab8 19. e5 Ng4 20. exd6 Nxe3
21. dxe7 Rxd1 22. Rxd1 Nxd1 23. b3 Nxe7 24. Ne5 Rd8 25. g3 Nc3 26. Bc4 Bc6
27. f4 Ne4 28. g4 Rd1+ 29. Kg2 Nd6+ 30. Kf2 Nxc4 31. bxc4 Ng6 {White
resigns} 0-1

[Event "ICCopen2017"]
[Site "Internet Chess Club"]
[Date "2017.04.02"]
[Round "3"]
[White "akibael"]
[Black "alphajet26"]
[Result "1-0"]
[ICCResult "Black resigns"]
[WhiteElo "2165"]
[BlackElo "1715"]
[Opening "Réti opening"]
[ECO "A04"]
[NIC "QP.11"]
[Time "19:30:05"]
[TimeControl "180+0"]

1. Nf3 e6 2. d4 d5 3. Nc3 Bd6 4. e4 c6 5. Bd3 Nd7 6. O-O Ne7 7. Qe2 O-O 8.
Bg5 h6 9. Bh4 b6 10. Rad1 Qe8 11. Rfe1 Ng6 12. Bg3 Bxg3 13. hxg3 Qd8 14.
exd5 exd5 15. Bxg6 fxg6 16. Qe6+ Kh7 17. Qxc6 Nf6 18. Qxa8 Qc7 19. Nxd5 Nxd5
20. Qxd5 Bb7 21. Qe5 Qxc2 22. Rd2 Qc8 23. Nh4 Qc6 24. Qe6 Rf6 25. Qxc6 Bxc6
26. d5 Rd6 27. Red1 Ba4 28. b3 Bd7 29. Nf3 Bg4 30. Re1 Kg8 31. Re4 h5 32.
Ne5 Bf5 33. Nc4 Rd7 34. Re8+ Kf7 35. Ra8 b5 36. Ne5+ Ke7 37. Nxd7 Kxd7 38.
Rxa7+ Kd6 39. Rxg7 Kc5 40. d6 {Black resigns} 1-0

[Event "ICCopen2017"]
[Site "Internet Chess Club"]
[Date "2017.04.02"]
[Round "3"]
[White "ophiuchus13"]
[Black "Strider25"]
[Result "0-1"]
[ICCResult "White resigns"]
[WhiteElo "1207"]
[BlackElo "1828"]
[Opening "Dutch"]
[ECO "A80"]
[NIC "HD.12"]
[Time "19:28:38"]
[TimeControl "180+0"]

1. d4 f5 2. Bf4 Nf6 3. h3 d6 4. e3 b6 5. Be2 Bb7 6. Bf3 Ne4 7. c3 Nd7 8.
Bxe4 Bxe4 9. f3 Bb7 10. Ne2 g6 11. Nd2 Bg7 12. O-O O-O 13. Qb3+ Kh8 14. Bg3
e5 15. dxe5 dxe5 16. Rad1 Qe7 17. Qc2 a5 18. e4 f4 19. Bf2 Ba6 20. Rfe1 Nc5
21. Nc1 h5 22. Ndb3 Nxb3 23. Nxb3 Bc4 24. Rd2 a4 25. Nc1 Rad8 26. Red1 b5
27. b3 axb3 28. axb3 Be6 29. Rxd8 Rxd8 30. Rxd8+ Qxd8 31. Qd3 Qg5 32. Qxb5
Bxh3 33. g3 fxg3 34. Be1 Qxc1 35. Qe8+ Kh7 {White resigns} 0-1

[Event "ICCopen2017"]
[Site "Internet Chess Club"]
[Date "2017.04.02"]
[Round "3"]
[White "HuevosDeLeon"]
[Black "dashingfox"]
[Result "1-0"]
[ICCResult "Black checkmated"]
[WhiteElo "2526"]
[BlackElo "1883"]
[Opening "Queen's pawn: London system"]
[ECO "A45"]
[NIC "QP.07"]
[Time "19:28:27"]
[TimeControl "180+0"]

1. d4 Nf6 2. Bf4 c5 3. e3 e6 4. c3 Qb6 5. Qb3 d5 6. Nd2 Nh5 7. Bxb8 Rxb8 8.
Bb5+ Bd7 9. Bxd7+ Kxd7 10. Qc2 cxd4 11. exd4 Bd6 12. Ngf3 Nf6 13. O-O Rhc8
14. Rfe1 Qc7 15. h3 h6 16. Ne5+ Ke7 17. Qd3 b5 18. a3 a5 19. Qg3 Kf8 20. Qh4
Be7 21. Qg3 Bd6 22. Qh4 Be7 23. Qf4 Bd6 24. Qf3 b4 25. axb4 axb4 26. Re3
bxc3 27. bxc3 Rb2 28. Nf1 Bxe5 29. dxe5 Ne4 30. Qg4 Nxf2 31. Qa4 Ne4 32.
Qa3+ Qc5 33. Qxb2 f5 34. exf6 gxf6 35. Qb4 Kf7 36. Qxc5 Rxc5 37. Ra7+ Kg6
38. Ra6 e5 39. Ra3 f5 40. Ng3 Nf6 41. Rxe5 f4 42. Ne2 Nh5 43. Ra6+ Kg7 44.
Rxh5 Rb5 45. Nxf4 Rb1+ 46. Kh2 Rb2 47. Rhxh6 Rc2 48. Rag6+ Kf7 49. Rh7+ Kf8
50. Ne6+ Ke8 51. Rg8# {Black checkmated} 1-0

[Event "ICCopen2017"]
[Site "Internet Chess Club"]
[Date "2017.04.02"]
[Round "3"]
[White "jefferyx"]
[Black "nino-dg"]
[Result "1-0"]
[ICCResult "Black resigns"]
[WhiteElo "2801"]
[BlackElo "2374"]
[Opening "Queen's pawn: London system"]
[ECO "A45"]
[NIC "QP.07"]
[Time "19:28:14"]
[TimeControl "180+0"]

1. d4 Nf6 2. Bf4 g6 3. e3 Bg7 4. Nf3 O-O 5. h3 d6 6. Be2 Nbd7 7. O-O b6 8.
c4 Bb7 9. Nc3 Ne4 10. Nxe4 Bxe4 11. Bh2 c5 12. Qd2 Qc7 13. d5 Bxf3 14. Bxf3
Rfb8 15. a4 a6 16. Be2 b5 17. cxb5 axb5 18. Bxb5 Nb6 19. Rfc1 Qa7 20. Bc6
Qa5 21. b4 Qxb4 22. Qxb4 cxb4 23. Bxa8 Bxa1 24. Bc6 Bf6 25. a5 Nc8 26. a6 b3
27. Bb7 b2 28. Rb1 Na7 29. e4 Nb5 30. e5 dxe5 31. Rxb2 Na7 32. Re2 Rd8 33.
Bxe5 Kg7 34. f4 g5 35. fxg5 Bxe5 36. Rxe5 Kf8 37. Kf2 Rd6 38. Re3 Rb6 39.
Rc3 Rb2+ 40. Kf3 Kg7 41. Rc7 Rb3+ 42. Kg4 Rb4+ 43. Kh5 Nb5 44. Rxe7 Nd6 45.
g4 Rb3 46. Kh4 Ra3 47. Re2 Kg6 48. Rc2 Ne4 49. d6 Nxg5 50. Rh2 f5 51. d7 f4
52. d8=Q Nf7 53. Be4+ Kg7 54. Qd4+ Kg8 55. Rb2 Rxa6 56. Rb8+ {Black resigns}
1-0

[Event "ICCopen2017"]
[Site "Internet Chess Club"]
[Date "2017.04.02"]
[Round "3"]
[White "nurmi"]
[Black "Sensei24"]
[Result "0-1"]
[ICCResult "White resigns"]
[WhiteElo "2374"]
[BlackElo "3019"]
[Opening "English: symmetrical variation"]
[ECO "A37"]
[NIC "EO.28"]
[Time "19:28:25"]
[TimeControl "180+0"]

1. c4 c5 2. Nc3 Nc6 3. g3 g6 4. Bg2 Bg7 5. Nf3 d6 6. d3 Qd7 7. O-O b6 8. Rb1
Bb7 9. a3 e6 10. e4 Nge7 11. Bd2 h6 12. b4 g5 13. h3 Ng6 14. Nh2 Nge5 15.
Be1 Nd4 16. Ne2 Nec6 17. Nxd4 Nxd4 18. f4 gxf4 19. gxf4 Rg8 20. Kh1 f5 21.
Rg1 Bf6 22. Bf2 O-O-O 23. Qh5 Rxg2 24. Kxg2 fxe4 25. Rgd1 e3+ 26. Kg1 Rg8+
27. Ng4 exf2+ 28. Kxf2 Bg7 29. Rg1 Rf8 30. Ke3 Qc6 31. Rbf1 Qa4 32. Nxh6
Bxh6 33. Qxh6 Nf5+ {White resigns} 0-1

[Event "ICCopen2017"]
[Site "Internet Chess Club"]
[Date "2017.04.02"]
[Round "3"]
[White "ShadowStorm"]
[Black "vbtry3"]
[Result "0-1"]
[ICCResult "White checkmated"]
[WhiteElo "1384"]
[BlackElo "1737"]
[Opening "Queen's pawn game"]
[ECO "D00"]
[NIC "QP.08"]
[Time "19:28:26"]
[TimeControl "180+0"]

1. d4 d5 2. e3 e6 3. f4 c5 4. Nf3 Nc6 5. c3 Nf6 6. Bb5 Bd7 7. Bxc6 Bxc6 8.
O-O Ne4 9. Nbd2 Be7 10. Nxe4 dxe4 11. Ne5 cxd4 12. exd4 O-O 13. Qh5 f5 14.
Nc4 Bb5 15. b3 Rc8 16. Qe2 Qc7 17. a4 Bxc4 18. bxc4 Qxc4 19. Qh5 Qxc3 20.
Rb1 Qxd4+ 21. Kh1 Rc7 22. Bb2 Qd8 23. Be5 Rd7 24. Qh3 Qe8 25. Qg3 Qg6 26.
Qb3 Rfd8 27. Rbc1 Bf6 28. Bc7 Re8 29. Rc3 Bxc3 30. Qxc3 Rc8 31. Qa5 Rdxc7
32. Qb5 Rc2 33. a5 Qxg2# {White checkmated} 0-1

[Event "ICCopen2017"]
[Site "Internet Chess Club"]
[Date "2017.04.02"]
[Round "3"]
[White "Smelterlife"]
[Black "shirovinster"]
[Result "0-1"]
[ICCResult "White checkmated"]
[WhiteElo "351"]
[BlackElo "1741"]
[Opening "Sicilian: closed, 2...Nc6"]
[ECO "B23"]
[NIC "SI.44"]
[Time "19:29:24"]
[TimeControl "180+0"]

1. e4 c5 2. Nc3 Nc6 3. d3 g6 4. Nf3 Bg7 5. Be2 d6 6. O-O e6 7. b3 Bxc3 8.
Rb1 Bg7 9. Bg5 Nge7 10. Nh4 O-O 11. g3 h6 12. Bf4 g5 13. Bxd6 Qxd6 14. c4
gxh4 15. gxh4 Qf4 16. f3 Qxh4 17. Qc2 Nd4 18. Qb2 Nxf3+ 19. Bxf3 Bxb2 20.
Rxb2 Ng6 21. Bd1 Qg5+ 22. Kh1 e5 23. Rg2 Qe3 24. Rf3 Qe1+ 25. Rg1 Qd2 26.
Be2 Qxe2 27. a4 Qxf3+ 28. Rg2 Bh3 29. Kg1 Qxg2# {White checkmated} 0-1

[Event "ICCopen2017"]
[Site "Internet Chess Club"]
[Date "2017.04.02"]
[Round "3"]
[White "GideonL"]
[Black "talshirov"]
[Result "0-1"]
[ICCResult "White resigns"]
[WhiteElo "1630"]
[BlackElo "1965"]
[Opening "Réti opening"]
[ECO "A04"]
[NIC "QP.11"]
[Time "19:29:27"]
[TimeControl "180+0"]

1. Nf3 d6 2. g3 e5 3. Bg2 f5 4. O-O Nf6 5. e3 Be7 6. d4 e4 7. Nfd2 c6 8. c4
d5 9. Nc3 Be6 10. cxd5 cxd5 11. b3 Nc6 12. Ne2 O-O 13. Nf4 Bf7 14. Bb2 Rc8
15. Rc1 g5 16. Ne2 a6 17. h3 Nb4 18. a3 Nd3 19. Rxc8 Qxc8 20. Qb1 Qd7 21.
Nc1 Nxb2 22. Qxb2 Rc8 23. Ne2 Qb5 24. Nc3 Qd3 25. Rc1 Bxa3 26. Qxa3 Rxc3 27.
Rxc3 Qxc3 28. Qa2 b5 29. Bf1 Be8 30. Nb1 Qc1 31. b4 Qc6 32. Qb3 h5 33. Nc3
Bf7 34. Qa3 Kg7 35. Kg2 f4 36. gxf4 gxf4 37. Qb2 f3+ 38. Kh1 h4 39. Qc1 Be6
40. Bxb5 axb5 41. Qg1+ Kf7 {White resigns} 0-1

[Event "ICCopen2017"]
[Site "Internet Chess Club"]
[Date "2017.04.02"]
[Round "3"]
[White "Machinegun"]
[Black "Red-white"]
[Result "1-0"]
[ICCResult "Black resigns"]
[WhiteElo "2404"]
[BlackElo "2904"]
[Opening "Ruy Lopez: Anderssen variation"]
[ECO "C77"]
[NIC "RL.12"]
[Time "19:28:18"]
[TimeControl "180+0"]

1. e4 e5 2. Nf3 Nc6 3. Bb5 a6 4. Ba4 Nf6 5. d3 Bc5 6. O-O d6 7. c3 Ba7 8. h3
O-O 9. Be3 Ne7 10. Bxa7 Rxa7 11. Nbd2 Ng6 12. Bc2 Nf4 13. Kh2 Qe7 14. Nc4
Bd7 15. Re1 Raa8 16. d4 Rad8 17. Qc1 Ng6 18. Ne3 Rfe8 19. Nf5 Qf8 20. dxe5
Nxe5 21. Nxe5 Rxe5 22. f4 Ree8 23. Ng3 Bc6 24. e5 dxe5 25. fxe5 Nd7 26. Qg5
Qe7 27. Qh5 g6 28. Qh6 Nxe5 29. Nh5 f5 30. Nf4 Nf7 31. Bb3 Qf6 32. Nh5 Qh8
33. Qg5 Rd6 34. Rxe8+ Bxe8 35. Qe7 {Black resigns} 1-0

[Event "ICCopen2017"]
[Site "Internet Chess Club"]
[Date "2017.04.02"]
[Round "3"]
[White "TennKid84"]
[Black "NJSKing"]
[Result "0-1"]
[ICCResult "White resigns"]
[WhiteElo "1745"]
[BlackElo "2162"]
[Opening "King's Indian: East Indian defense"]
[ECO "A48"]
[NIC "QP.06"]
[Time "19:28:51"]
[TimeControl "180+0"]

1. d4 Nf6 2. Nf3 g6 3. e3 Bg7 4. Bd3 O-O 5. Nbd2 d5 6. c3 c5 7. O-O Qb6 8.
e4 dxe4 9. Nxe4 cxd4 10. Nxd4 Nc6 11. Nxc6 Qxc6 12. Nxf6+ Qxf6 13. Qe2 Be6
14. Be4 Rab8 15. Be3 b6 16. Bd4 Qf4 17. Bxg7 Kxg7 18. Rfe1 Rfd8 19. Rad1 h5
20. b3 h4 21. c4 h3 22. Bf3 hxg2 23. Bxg2 a5 24. Rxd8 Rxd8 25. Qe3 Qxe3 26.
fxe3 Rd2 27. Kf1 Rxa2 28. Re2 Ra1+ 29. Kf2 Rb1 30. Bc6 Rxb3 31. Bb5 Rc3
{White resigns}
0-1

[Event "ICCopen2017"]
[Site "Internet Chess Club"]
[Date "2017.04.02"]
[Round "3"]
[White "bythebook"]
[Black "UnderArmour"]
[Result "0-1"]
[ICCResult "White forfeits on time"]
[WhiteElo "1576"]
[BlackElo "1925"]
[Opening "French: King's Indian attack"]
[ECO "C00"]
[NIC "FR.02"]
[Time "19:29:04"]
[TimeControl "180+0"]

1. e4 e6 2. d3 d5 3. Nd2 d4 4. f4 c5 5. Ngf3 Nc6 6. g3 f6 7. Bg2 e5 8. O-O
Bg4 9. h3 Bxf3 10. Nxf3 Bd6 11. f5 Nge7 12. g4 b5 13. Bd2 c4 14. Qe2 Qb6 15.
Kh2 Rc8 16. g5 h6 17. gxf6 gxf6 18. Nh4 Kd7 19. Ng6 Rh7 20. Qh5 cxd3 21.
cxd3 Nb4 22. Nxe7 Bxe7 23. Qg6 Rch8 24. Bxb4 Bxb4 25. Rfc1 Bd2 26. Rc2 Bg5
27. Bf3 h5 28. Bxh5 Rxh5 29. Qf7+ Kd8 30. a4 Rxh3+ {White forfeits on time}
0-1

[Event "ICCopen2017"]
[Site "Internet Chess Club"]
[Date "2017.04.02"]
[Round "3"]
[White "adypady"]
[Black "MrBoris"]
[Result "1-0"]
[ICCResult "Black resigns"]
[WhiteElo "2460"]
[BlackElo "1956"]
[Opening "Vienna: Falkbeer variation"]
[ECO "C26"]
[NIC "AL.10"]
[Time "19:28:19"]
[TimeControl "180+0"]

1. e4 Nf6 2. Nc3 e5 3. Nge2 Nc6 4. g3 Bc5 5. Bg2 d6 6. h3 a6 7. O-O O-O 8.
Kh2 Ba7 9. f4 exf4 10. gxf4 d5 11. Nxd5 Nxd5 12. exd5 Ne7 13. Nc3 Bf5 14. d3
Qd7 15. Qf3 Rad8 16. Bd2 Bd4 17. Rae1 Bxc3 18. bxc3 Nxd5 19. c4 Nf6 20. Qxb7
Qa4 21. Qb3 Qd7 22. Qb7 Qa4 23. Qb2 Rb8 24. Qc3 Qxa2 25. Ra1 Qb2 26. Rxa6
Rfe8 27. Bf3 h6 28. Rfa1 Qxc3 29. Bxc3 Re3 30. Kg2 Bxh3+ 31. Kf2 Re6 32. Ra8
Ree8 33. Rxb8 Rxb8 34. Ra7 Rc8 35. Be5 Ng4+ 36. Bxg4 Bxg4 37. Bxc7 Bd1 38.
c3 Bc2 39. Ke3 h5 40. f5 g5 41. fxg6 fxg6 42. Kd2 Bb3 43. Be5 Rd8 44. Rg7+
Kf8 45. Rh7 Bxc4 46. Rh8+ Ke7 47. Rxd8 Kxd8 48. dxc4 {Black resigns} 1-0

[Event "ICCopen2017"]
[Site "Internet Chess Club"]
[Date "2017.04.02"]
[Round "3"]
[White "hangin"]
[Black "Jaburu"]
[Result "0-1"]
[ICCResult "White forfeits on time"]
[WhiteElo "1236"]
[BlackElo "1537"]
[Opening "Benkö gambit"]
[ECO "A57"]
[NIC "BI.46"]
[Time "19:29:26"]
[TimeControl "180+0"]

1. d4 Nf6 2. c4 c5 3. d5 b5 4. b3 d6 5. Nc3 b4 6. Na4 g6 7. a3 bxa3 8. Bxa3
Bg7 9. Bb2 O-O 10. Nf3 Nbd7 11. e3 Rb8 12. Bd3 Nb6 13. Qc2 Nxa4 14. Rxa4 a5
15. O-O Rb4 16. Rfa1 Rxa4 17. Rxa4 Bg4 18. Nd2 Nd7 19. Bxg7 Kxg7 20. Qc3+
Nf6 21. Rxa5 Qb6 22. h3 Bd7 {White forfeits on time} 0-1

[Event "ICCopen2017"]
[Site "Internet Chess Club"]
[Date "2017.04.02"]
[Round "3"]
[White "tonychess2014"]
[Black "HighGround"]
[Result "1-0"]
[ICCResult "Black resigns"]
[WhiteElo "1761"]
[BlackElo "1347"]
[Opening "Caro-Kann: Tartakower (fantasy) variation"]
[ECO "B12"]
[NIC "CK.02"]
[Time "19:29:47"]
[TimeControl "180+0"]

1. e4 c6 2. d4 d5 3. f3 e6 4. Nc3 Bb4 5. Bf4 dxe4 6. fxe4 Ne7 7. Nf3 Ng6 8.
Bg3 O-O 9. Bd3 Nd7 10. O-O c5 11. d5 Bxc3 12. bxc3 exd5 13. exd5 Nf6 14. c4
Bg4 15. Qd2 Re8 16. Rab1 b6 17. Rbe1 Bxf3 18. Rxf3 Qd7 19. Ref1 Ne5 20. Rxf6
gxf6 21. Bf5 Nd3 22. Bxd7 Re7 23. cxd3 Rxd7 24. Rxf6 Re8 25. Qg5+ Kf8 26.
Bd6+ Rxd6 27. Rxd6 Re1+ 28. Kf2 Re8 29. Rd8 Rxd8 30. Qxd8+ Kg7 31. Qc7
{Black resigns}
1-0

[Event "ICCopen2017"]
[Site "Internet Chess Club"]
[Date "2017.04.02"]
[Round "3"]
[White "SurferRosa"]
[Black "Nos"]
[Result "1-0"]
[ICCResult "Black resigns"]
[WhiteElo "2606"]
[BlackElo "2183"]
[Opening "Queen's pawn: Torre attack"]
[ECO "A46"]
[NIC "QP.04"]
[Time "19:28:36"]
[TimeControl "180+0"]

1. d4 Nf6 2. Nf3 e6 3. Bg5 c5 4. e3 d5 5. Nbd2 Nc6 6. Bb5 Bd7 7. O-O Bd6 8.
dxc5 Bxc5 9. c4 dxc4 10. Nxc4 a6 11. Bxc6 Bxc6 12. Qxd8+ Rxd8 13. Nfe5 Bd5
14. Rac1 Be7 15. f3 h6 16. Bh4 b5 17. Na5 Nd7 18. Bxe7 Kxe7 19. Nec6+ Kf6
20. Nxd8 Rxd8 21. b3 Ne5 22. Rfd1 Re8 23. e4 Ba8 24. Rc7 g5 25. Nb7 g4 26.
f4 Ng6 27. e5+ Kf5 28. Rxf7+ Ke4 29. Nc5+ Ke3 30. g3 Bf3 31. Re1+ Kd2 32.
Kf2 Ne7 33. Nxe6 Nd5 34. Nd4 Nc3 35. Nxf3+ gxf3 36. Rd7+ Kc2 37. Kxf3 Nxa2
38. Re2+ Kxb3 39. Rd3+ Nc3 40. Ree3 b4 41. e6 a5 42. e7 a4 43. Rd8 Rxe7 44.
Rxe7 a3 45. f5 a2 46. Ra8 Kb2 47. f6 Nd5 48. Re2+ {Black resigns} 1-0

[Event "ICCopen2017"]
[Site "Internet Chess Club"]
[Date "2017.04.02"]
[Round "3"]
[White "yummy2"]
[Black "Enemigoalacecho"]
[Result "1-0"]
[ICCResult "Black forfeits on time"]
[WhiteElo "2700"]
[BlackElo "2306"]
[Opening "Petrov: Nimzovich attack"]
[ECO "C42"]
[NIC "RG.03"]
[Time "19:28:15"]
[TimeControl "180+0"]

1. e4 e5 2. Nf3 Nf6 3. Nxe5 d6 4. Nf3 Nxe4 5. Nc3 Nxc3 6. dxc3 Be7 7. Be3
O-O 8. Qd2 b6 9. O-O-O Bb7 10. Be2 Nc6 11. h4 Ne5 12. h5 Re8 13. Nxe5 dxe5
14. Qe1 Qc8 15. Rg1 Qe6 16. Kb1 Rad8 17. Bb5 Rxd1+ 18. Qxd1 Rd8 19. Qe2 Qf5
20. Bd3 e4 21. Bc4 Bd5 22. Bb3 Bxb3 23. axb3 a5 24. g4 Qd7 25. Qc4 Qe6 26.
Qxc7 h6 27. Qxb6 Rd6 28. Qb8+ Kh7 29. Qb5 Rd5 30. Qc4 Qe5 31. Re1 Rd7 32.
Bd4 {Black forfeits on time} 1-0